 Dungeon Crawl Stone Soup version 0.25-a0-294-gea9b1ad378 (webtiles) character file.

Game seed: 4895140195752241715, levelgen mode: deterministic

2507 night the Grappler (level 9, -14/72 HPs)
             Began as a Demonspawn Gladiator on Dec 16, 2019.
             Was a Follower of Dithmenos.
             Demolished by a two-headed ogre
             ... wielding a +0 giant club
              (27 damage)
             ... on level 9 of the Dungeon.
             The game lasted 00:17:17 (6880 turns).

night the Grappler (Demonspawn Gladiator)           Turns: 6880, Time: 00:17:18

Health: -14/72     AC: 13    Str: 16    XL:     9   Next: 28%
Magic:  0/9        EV: 10    Int: 11    God:    Dithmenos [*.....]
Gold:   573        SH:  0    Dex: 15    Spells: 8/8 levels left

rFire    . . .     SeeInvis .     - Unarmed
rCold    . . .     Gourm    .   (no shield)
rNeg     . . .     Faith    .   Q - +0 scale mail
rPois    .         Spirit   +   R - +0 helmet
rElec    .         Reflect  .   m - scarf {Spirit}
rCorr    +         Harm     .   N - +1 pair of gloves {archery}
MR       .....                  (no boots)
Stlth    +.........             I - amulet of the acrobat
HPRegen  0.22/turn              v - +2 ring of protection
MPRegen  0.11/turn              D - ring of resist corrosion

@: wreathed by umbra
A: talons 2, molten scales 1, nightstalker 1, rot immunity
a: Renounce Religion


You were on level 9 of the Dungeon.
You worshipped Dithmenos.
Dithmenos was aware of your devotion.
You were hungry.

You visited 2 branches of the dungeon, and saw 10 of its levels.

You collected 573 gold pieces.

Inventory:

Hand Weapons
 b - a +0 longbow
 U - a +2 dagger of pain
Missiles
 c - 3 throwing nets
 g - 8 datura-tipped darts
 j - 107 arrows
 o - 406 stones
 t - 30 poisoned darts (quivered)
 u - 6 silver javelins
 C - 61 sling bullets
 H - 14 javelins
 S - 6 boomerangs
Armour
 m - a scarf of spirit shield (worn)
 x - a +0 cloak
 N - a +1 pair of gloves of archery (worn)
 Q - a +0 scale mail (worn)
 R - a +0 helmet (worn)
Jewellery
 r - an uncursed ring of flight
 v - a +2 ring of protection (left hand)
 D - a ring of resist corrosion (right hand)
 I - an amulet of the acrobat (around neck)
 X - an uncursed amulet of faith {unknown}
Wands
 A - a wand of iceblast (9)
 J - a wand of random effects (12)
 O - a wand of flame (26)
 T - a wand of enslavement (8)
 W - a wand of digging (7)
Scrolls
 a - 2 scrolls of remove curse
 e - 2 scrolls of noise {unknown}
 f - 3 scrolls of magic mapping {unknown}
 h - 3 scrolls of fog
 i - 4 scrolls of identify
 k - 2 scrolls of blinking {unknown}
 n - 5 scrolls of teleportation
 q - 3 scrolls of fear {unknown}
 s - a scroll of random uselessness {unknown}
 y - 4 scrolls of enchant armour {unknown}
 E - a scroll of enchant weapon {unknown}
 M - a scroll of immolation {unknown}
Potions
 l - 4 potions of curing
 p - a potion of agility {unknown}
 z - a potion of degeneration {unknown}
 B - 2 potions of lignification
 F - a potion of haste {unknown}
 G - a potion of mutation {unknown}
 K - a potion of flight {unknown}
 L - a potion of heal wounds {unknown}
 P - 3 potions of might
 V - a potion of magic {unknown}
Comestibles
 d - 10 rations
 w - 5 chunks of flesh


   Skills:
 + Level 7.5 Fighting
 - Level 1.7 Throwing
 - Level 2.6 Dodging
 * Level 9.8 Unarmed Combat


You had 8 spell levels left.
You didn't know any spells.
Your spell library contained the following spells:

 Spells                   Type           Power        Failure   Level  Hunger
 Freeze                   Ice            #...         80%         1    ##.....
 Ozocubu's Armour         Chrm/Ice       #.......     99%         3    ####...
 Hailstorm                Conj/Ice       #.......     100%        4    #####..
 Summon Ice Beast         Ice/Summ       #.......     100%        4    #####..


Dungeon Overview and Level Annotations

Branches:
Dungeon (9/15)             Temple (1/1) D:6
   Lair: D:8-11         Orc: D:9-12

Altars:
Ashenzari
Cheibriados
Dithmenos
Elyvilon
Fedhas
Gozag
Hepliaklqana
Kikubaaqudgha
Makhleb
Nemelex Xobeh
Okawaru
Qazlal
Ru
Sif Muna
Trog
Uskayaw
Vehumet
Wu Jian
Xom
Yredelemnul
Zin
The Shining One

Shops:
D:4 (


Innate Abilities, Weirdness & Mutations

You have razor-sharp toenails.
You are partially covered in molten scales. (AC +2)
You are slightly more attuned to the shadows.
You are immune to rotting.


Message History

You are feeling hungry.
The two-headed ogre hits you but does no damage.
The two-headed ogre misses you.
You barely miss the two-headed ogre. You claw the two-headed ogre.
The two-headed ogre is heavily wounded.
You punch the two-headed ogre!
The two-headed ogre is severely wounded.
The two-headed ogre hits you with a +0 giant club!!
* * * LOW HITPOINT WARNING * * *
The two-headed ogre hits you with a +0 giant club!
* * * LOW HITPOINT WARNING * * *
You feel better.
You barely miss the two-headed ogre. You claw the two-headed ogre.
The two-headed ogre is severely wounded.
The two-headed ogre barely misses you.
The two-headed ogre hits you with a +0 giant club!
* * * LOW HITPOINT WARNING * * *
You feel better.
The two-headed ogre hits you with a +0 giant club!!
You die...

....+......+...#.###
....#......#.###.#
....#...####.# #.#
....#...# #.###.#
....#...# #.#...#
....#...# #.#.###
#.#...# ..
####.###.#
...#.[....#@#
....#+##.#.#O#
.........#.#J#
.........J..h#
........h#.###
...........#
........####
........# ........#


You could see a two-headed ogre, a hound and a jelly.

Vanquished Creatures
  A wraith (D:8)
  A hungry ghost (D:9)
  Menkaure (D:6)
  A black bear (D:8)
  An eye of draining (D:9)
  A phantom (D:4)
  2 necrophages
  2 centaurs
  3 bullfrogs
  4 wights
  4 howler monkeys
  A crimson imp (D:9)
  A bullfrog zombie (D:7)
  A quasit (D:7)
  7 orc wizards
  3 orc priests
  A centaur skeleton (D:8)
  A hound (D:4)
  A gnoll shaman (D:5)
  An iguana (D:6)
  5 worker ants
  Robin (D:4)
  5 gnolls
  12 adders
  3 shadow imps
  3 oozes
  5 adder skeletons
  An adder zombie (D:5)
  3 worms
  2 dart slugs (D:1)
  A leopard gecko (D:8)
  19 orcs
  7 bats
  5 giant cockroaches
  13 goblins
  7 hobgoblins
  4 jackals (D:5)
  13 kobolds
  5 quokkas
  3 ball pythons
  4 frilled lizards
  2 leopard gecko skeletons
  A quokka skeleton (D:7)
  A quokka zombie (D:6)
  12 rats
  A plant (D:2)
176 creatures vanquished.

Vanquished Creatures (others)
  An orc warrior (D:6)
  An ogre (D:6)
  An iguana (D:6)
  An adder (D:6)
  A leopard gecko skeleton (D:6)
5 creatures vanquished.

Grand Total: 181 creatures vanquished

Notes
Turn   | Place    | Note
-------+----------+-------------------------------------------
     0 | D:1      | night the Demonspawn Gladiator began the quest for the Orb.
     0 | D:1      | Reached XP level 1. HP: 16/16 MP: 1/1
   183 | D:1      | Reached skill level 3 in Unarmed Combat
   250 | D:1      | Gained mutation: You have sharp toenails. [demonic
                  | ancestry]
   250 | D:1      | Reached XP level 2. HP: 17/22 MP: 2/2
   385 | D:1      | You fall into a shaft and drop 1 floor!
   408 | D:2      | Gained mutation: You have razor-sharp toenails. [demonic
                  | ancestry]
   408 | D:2      | Reached XP level 3. HP: 28/28 MP: 3/3
  1003 | D:2      | Found a faded altar of an unknown god.
  1122 | D:2      | Reached skill level 4 in Unarmed Combat
  1122 | D:2      | Gained mutation: You are partially covered in molten
                  | scales. (AC +2) [demonic ancestry]
  1122 | D:2      | Reached XP level 4. HP: 34/34 MP: 4/4
  1491 | D:2      | Found a sacrificial altar of Ru.
  1746 | D:3      | Gained mutation: You are slightly more attuned to the
                  | shadows. [demonic ancestry]
  1746 | D:3      | Reached XP level 5. HP: 41/41 MP: 5/5
  2352 | D:4      | Noticed Robin
  2352 | D:4      | Noticed a phantom
  2418 | D:4      | Found a basalt altar of Yredelemnul.
  2723 | D:4      | Reached skill level 5 in Unarmed Combat
  2735 | D:4      | Reached XP level 6. HP: 48/48 MP: 6/6
  2780 | D:4      | Found Lyshuraxa's Weapon Shop.
  2922 | D:4      | Killed Robin
  3176 | D:5      | Entered Level 5 of the Dungeon
  3187 | D:5      | Reached skill level 6 in Unarmed Combat
  3230 | D:4      | Gained mutation: You are immune to rotting. [demonic
                  | ancestry]
  3230 | D:4      | Reached XP level 7. HP: 40/55 MP: 7/7
  3657 | D:5      | Found a bloodstained altar of Trog.
  3657 | D:5      | Found an ornate altar of the Wu Jian Council.
  4377 | D:6      | Reached skill level 5 in Fighting
  4378 | D:6      | Found a shimmering altar of Xom.
  4497 | D:6      | Found a staircase to the Ecumenical Temple.
  4508 | D:6      | Reached skill level 7 in Unarmed Combat
  4514 | Temple   | Entered the Ecumenical Temple
  4763 | Temple   | Became a worshipper of Dithmenos the Shadowed
  5131 | D:6      | Noticed Menkaure
  5138 | D:6      | Killed Menkaure
  5189 | D:6      | Found a glowing silver altar of Zin.
  5249 | D:6      | Found a sparkling altar of Nemelex Xobeh.
  5466 | D:7      | Reached XP level 8. HP: 62/63 MP: 8/8
  5938 | D:8      | Reached skill level 8 in Unarmed Combat
  6195 | D:8      | Reached * piety under Dithmenos
  6207 | D:8      | Reached skill level 9 in Unarmed Combat
  6253 | D:8      | Reached XP level 9. HP: 68/72 MP: 9/9
  6272 | D:8      | Found a sacrificial altar of Ru.
  6857 | D:9      | Noticed a two-headed ogre
  6879 | D:9      | HP: 2/72 [two-headed ogre/+0 giant club (16)]
  6880 | D:9      | Demolished by a two-headed ogre

Levels and vault maps discovered:
D:1:      dpeg_arrival_stone_temple_mockup, layout_loops_ring
D:2:      layout_rooms, lemuel_coloured_pillars_altar,
          chequers_ecumenical_altar_simple_redux, lexackson_kobold_supper
D:3:      layout_loops_cross, guppyfry_early_lair_pool
D:4:      layout_basic, marbit_many_paths, serial_shops, shop, first_ration,
          uniq_robin
D:5:      layout_gridville, chequers_temple_overflow_statue_of_worship
D:6:      layout_loops_ring, kennysheep_mini_moat, xom_confusion_cloud,
          nemelex_xobeh_ov_fountains_minmay, minmay_temple_entry_hall,
          uniq_menkaure
D:7:      layout_basic
D:8:      layout_cave_pools, basic_altar
D:9:      cheibrodos_statue_roulette, layout_basic, lair_entry_dummy,
          basic_altar
Temple:   regret_index_temple_generic_petals

Skill      XL: |  1  2  3  4  5  6  7  8 |
---------------+-------------------------+-----
Unarmed Combat | 3 4 5 6 7 9 |  9.8
Fighting       | 3 4 5 7 |  7.5
Throwing       | |  1.7
Dodging        | |  2.6

Action                   |  1- 3 |  4- 6 |  7- 9 || total
-------------------------+-------+-------+-------++-------
Melee: Unarmed           |   100 |   239 |   311 ||   650
       Kick              |    15 |    76 |    96 ||   187
       Punch             |       |     5 |    10 ||    15
Throw: Dart              |       |     7 |     6 ||    13
  Use: Potion            |     2 |       |     2 ||     4
       Scroll            |       |       |     8 ||     8
 Stab: Sleeping          |       |     2 |     3 ||     5
  Eat: Chunk             |     1 |     7 |     9 ||    17
       Ration            |       |       |     1 ||     1
Armor: Leather armour    |    14 |       |       ||    14
       Skin              |    27 |       |       ||    27
       Ring mail         |    20 |   102 |    32 ||   154
       Scale mail        |       |       |    89 ||    89
Dodge: Dodged            |    51 |   115 |   185 ||   351

Table legend:
 A = Non-vault XP
 B = Vault XP
 C = Vault XP percentage of total XP
 D = Non-vault monster count
 E = Vault monster count
 F = Vault count percentage of total count
                 A         B        C        D         E       F
            +---------+---------+-------+---------+---------+-------
      Total |    3276 |     306 |   8.5 |     152 |      24 |  13.6
            +---------+---------+-------+---------+---------+-------
        D:1 |      33 |       0 |   0.0 |      18 |       0 |   0.0
        D:2 |      90 |      10 |  10.0 |      27 |       8 |  22.9
        D:3 |      96 |       3 |   3.0 |      18 |       2 |  10.0
        D:4 |     410 |      33 |   7.4 |      18 |      11 |  37.9
        D:5 |     178 |       0 |   0.0 |      14 |       0 |   0.0
        D:6 |     297 |     260 |  46.7 |      10 |       3 |  23.1
        D:7 |     312 |       0 |   0.0 |      10 |       0 |   0.0
        D:8 |    1189 |       0 |   0.0 |      24 |       0 |   0.0
        D:9 |     671 |       0 |   0.0 |      13 |       0 |   0.0
            +---------+---------+-------+---------+---------+-------
